| TOP OF THE 1ST |
|
Lexington Legends batting - Pitching for Charleston RiverDogs : RHP Travis Stump
|
|
Pitching: RHP Travis Stump
|
|
|
Batting: SHB Ryoji Hiraoka
|
0-0: Called Strike 0-1: Foul Ball, location: 2F 0-2: Ground out 5-3 (Groundball, 56S, EV 75.0 MPH)
|
|
Batting: RHB Eric Erickson
|
0-0: Called Strike 0-1: Ball 1-1: Fly out, F7 (Flyball, 78D, EV 88.8 MPH)
|
|
Batting: RHB Andy Urquhart
|
0-0: Foul Ball, location: 2F 0-1: Called Strike 0-2: Ball 1-2: Foul Ball, location: 2F 1-2: Ground out 1-3 (Groundball, P, EV 66.2 MPH)
|
| Top of the 1st over - 0 runs, 0 hits, 0 errors, 0 left on base; Lexington 0 - Charleston 0 |
| BOTTOM OF THE 1ST |
|
Charleston RiverDogs batting - Pitching for Lexington Legends : RHP Howie Seidler
|
|
Pitching: RHP Howie Seidler
|
|
|
Batting: RHB Bryan Westray
|
0-0: Swinging Strike 0-1: Ball 1-1: Fly out, F8 (Flyball, 8LXD, EV 106.2 MPH)
|
|
Batting: LHB Sean Trueblood
|
0-0: Ball 1-0: SINGLE (Groundball, 6MD, EV 98.1 MPH)
|
|
Batting: RHB Iften Olujimi
|
0-0: Called Strike 0-1: Foul Ball, location: 2F 0-2: Strikes out swinging
|
|
Batting: LHB Jeremiah Walker
|
0-0: Foul Ball, location: 2F 0-1: Fly out, F8 (Line Drive, 78D, EV 92.5 MPH)
|
| Bottom of the 1st over - 0 runs, 1 hit, 0 errors, 1 left on base; Lexington 0 - Charleston 0 |
| TOP OF THE 2ND |
|
Lexington Legends batting - Pitching for Charleston RiverDogs : RHP Travis Stump
|
|
Batting: RHB Pete Deschamps
|
0-0: Called Strike 0-1: Ball 1-1: SINGLE (Flyball, 6D, EV 91.9 MPH)
|
|
Batting: LHB Robert Wilkins
|
0-0: Ball 1-0: Called Strike 1-1: Fielders Choice at 2nd, 6-4 (Groundball, 6M, EV 76.9 MPH)
|
|
Batting: RHB Ben Garrett
|
0-0: Called Strike 0-1: Foul Ball, location: 2F 0-2: Fielders Choice at 2nd, 3-6 (Groundball, 3, EV 93.8 MPH)
|
|
Batting: LHB David Bearden
|
0-0: Ball Wild Pitch! Ben Garrett to second 1-0: Swinging Strike 1-1: SINGLE (Groundball, 4MD, EV 94.4 MPH) Ben Garrett to third Runner from 3rd tries for Home, SAFE, throw by CF to home
|
|
Batting: RHB Nate De Jongh
|
0-0: Called Strike 0-1: Swinging Strike 0-2: Ball 1-2: Strikes out swinging
|
| Top of the 2nd over - 1 run, 2 hits, 0 errors, 1 left on base; Lexington 1 - Charleston 0 |
| BOTTOM OF THE 2ND |
|
Charleston RiverDogs batting - Pitching for Lexington Legends : RHP Howie Seidler
|
|
Batting: RHB Bill Nguyen-Tan
|
0-0: Swinging Strike 0-1: TRIPLE (Flyball, 9LM, EV 103.1 MPH)
|
|
Batting: LHB Dale Anderson
|
0-0: Called Strike 0-1: Ball 1-1: Ball 2-1: Swinging Strike 2-2: Foul Ball, location: 2F 2-2: Ground out U3 (Groundball, 3L, EV 106.2 MPH)
|
|
Batting: RHB John Sprenkel
|
0-0: Foul Ball, location: 2F 0-1: Ball 1-1: Foul Ball, location: 2F 1-2: Ball 2-2: Foul Ball, location: 2F 2-2: Strikes out looking
|
|
Batting: RHB Graham Murphy
|
0-0: Called Strike 0-1: Ground out 4-3 (Groundball, 4, EV 87.5 MPH)
|
| Bottom of the 2nd over - 0 runs, 1 hit, 0 errors, 1 left on base; Lexington 1 - Charleston 0 |
| TOP OF THE 3RD |
|
Lexington Legends batting - Pitching for Charleston RiverDogs : RHP Travis Stump
|
|
Batting: RHB Kunimatsu Oya
|
0-0: Ball 1-0: Ball 2-0: Ball 3-0: Base on Balls
|
|
Batting: SHB Ryoji Hiraoka
|
0-0: Ball 1-0: Foul Ball, location: 2F 1-1: Ball 2-1: Ball Pickoff Throw to First - Out! 1-3 3-1: Called Strike 3-2: Ground out 4-3 (Groundball, 4, EV 85.6 MPH)
|
|
Batting: RHB Eric Erickson
|
0-0: Called Strike 0-1: Called Strike 0-2: Foul Ball, location: 2F 0-2: Ball 1-2: Ball 2-2: Strikes out swinging
|
| Top of the 3rd over - 0 runs, 0 hits, 0 errors, 0 left on base; Lexington 1 - Charleston 0 |
| BOTTOM OF THE 3RD |
|
Charleston RiverDogs batting - Pitching for Lexington Legends : RHP Howie Seidler
|
|
Batting: RHB Matt Alderson
|
0-0: Called Strike 0-1: Hit by Pitch
|
|
Batting: RHB Bryan Westray
|
0-0: Ball 1-0: Ball 2-0: SINGLE (Groundball, 5S, EV 73.8 MPH) (infield hit) Matt Alderson to second
|
|
Batting: LHB Sean Trueblood
|
0-0: Called Strike 0-1: Called Strike 0-2: Fielders Choice at 2nd, 4-6 (Groundball, 4M, EV 101.9 MPH) Matt Alderson to third
|
|
Batting: RHB Iften Olujimi
|
0-0: Ball 1-0: Foul Ball, location: 2F 1-1: Ball 2-1: Foul Ball, location: 2F 2-2: Ball 3-2: TRIPLE (Flyball, 89XD, EV 95.6 MPH) Matt Alderson scores Sean Trueblood scores
|
|
Batting: LHB Jeremiah Walker
|
0-0: Swinging Strike 0-1: Ball 1-1: Swinging Strike 1-2: Fly out, F8 (Line Drive, 78M, EV 104.4 MPH)
|
|
Batting: RHB Bill Nguyen-Tan
|
0-0: Ball Wild Pitch! Iften Olujimi scores 1-0: Ball 2-0: Called Strike 2-1: DOUBLE (Line Drive, 78XD, EV 101.9 MPH)
|
|
Batting: LHB Dale Anderson
|
0-0: Called Strike 0-1: Called Strike 0-2: Ball 1-2: Ball 2-2: Ball 3-2: DOUBLE (Line Drive, 78XD, EV 111.2 MPH) Bill Nguyen-Tan scores
|
|
Pitching: LHP Tyler Abraham
|
|
|
Batting: RHB John Sprenkel
|
0-0: Called Strike 0-1: Called Strike 0-2: Ball 1-2: Foul Ball, location: 2F 1-2: Ball 2-2: Strikes out swinging
|
| Bottom of the 3rd over - 4 runs, 4 hits, 0 errors, 1 left on base; Lexington 1 - Charleston 4 |
| TOP OF THE 4TH |
|
Lexington Legends batting - Pitching for Charleston RiverDogs : RHP Travis Stump
|
|
Batting: RHB Andy Urquhart
|
0-0: Called Strike 0-1: Foul Ball, location: 2F 0-2: Ground out 6-3 (Groundball, 6, EV 100.0 MPH)
|
|
Batting: RHB Pete Deschamps
|
0-0: Foul Ball, location: 2F 0-1: Ball 1-1: Fly out, F8 (Flyball, 8RM, EV 76.9 MPH)
|
|
Batting: LHB Robert Wilkins
|
0-0: Called Strike 0-1: Ball 1-1: DOUBLE (Line Drive, 78D, EV 100.6 MPH)
|
|
Batting: RHB Ben Garrett
|
0-0: Ball 1-0: Called Strike 1-1: Ball 2-1: Called Strike 2-2: Foul Ball, location: 2F 2-2: Ground out 1-3 (Groundball, 13S, EV 70.6 MPH)
|
| Top of the 4th over - 0 runs, 1 hit, 0 errors, 1 left on base; Lexington 1 - Charleston 4 |
| BOTTOM OF THE 4TH |
|
Charleston RiverDogs batting - Pitching for Lexington Legends : LHP Tyler Abraham
|
|
Batting: RHB Graham Murphy
|
0-0: Called Strike 0-1: Foul Ball, location: 2F 0-2: Strikes out swinging
|
|
Batting: RHB Matt Alderson
|
0-0: Ball 1-0: Foul Ball, location: 2F 1-1: Swinging Strike 1-2: Foul Ball, location: 2F 1-2: Ball 2-2: Foul Ball, location: 2F 2-2: Ball 3-2: Base on Balls
|
|
Batting: RHB Bryan Westray
|
0-0: Ball 1-0: Swinging Strike 1-1: Fielders Choice at 2nd, 6-4 (Groundball, 56, EV 99.4 MPH)
|
|
Batting: LHB Sean Trueblood
|
0-0: Fly out, F7 (Flyball, 7S, EV 80.6 MPH)
|
| Bottom of the 4th over - 0 runs, 0 hits, 0 errors, 1 left on base; Lexington 1 - Charleston 4 |
| TOP OF THE 5TH |
|
Lexington Legends batting - Pitching for Charleston RiverDogs : RHP Travis Stump
|
|
Batting: LHB David Bearden
|
0-0: Ball 1-0: Ball 2-0: Called Strike 2-1: Fly out, F7 (Flyball, 7LM, EV 106.2 MPH)
|
|
Batting: RHB Nate De Jongh
|
0-0: Called Strike 0-1: Foul Ball, location: 2F 0-2: Foul Ball, location: 2F 0-2: SINGLE (Line Drive, 89M, EV 103.8 MPH)
|
|
Batting: RHB Kunimatsu Oya
|
0-0: Fly out, F9 (Flyball, 9LS, EV 70.6 MPH)
|
|
Batting: SHB Ryoji Hiraoka
|
0-0: Called Strike 0-1: Called Strike 0-2: Foul Ball, location: 2F 0-2: Foul Ball, location: 2F 0-2: Strikes out swinging
|
| Top of the 5th over - 0 runs, 1 hit, 0 errors, 1 left on base; Lexington 1 - Charleston 4 |
| BOTTOM OF THE 5TH |
|
Charleston RiverDogs batting - Pitching for Lexington Legends : LHP Tyler Abraham
|
|
Batting: RHB Iften Olujimi
|
0-0: Called Strike 0-1: Called Strike 0-2: Ball 1-2: Foul Ball, location: 2F 1-2: Strikes out looking
|
|
Batting: LHB Jeremiah Walker
|
0-0: SINGLE (Line Drive, 78S, EV 93.1 MPH)
|
|
Batting: RHB Bill Nguyen-Tan
|
0-0: Ball 1-0: Fielders Choice at 2nd, 5-4 (Groundball, 56S, EV 85.6 MPH)
|
|
Batting: LHB Dale Anderson
|
0-0: Ball 1-0: Called Strike Bill Nguyen-Tan is caught stealing 2nd base 2-6
|
| Bottom of the 5th over - 0 runs, 1 hit, 0 errors, 0 left on base; Lexington 1 - Charleston 4 |
| TOP OF THE 6TH |
|
Lexington Legends batting - Pitching for Charleston RiverDogs : RHP Travis Stump
|
|
Batting: RHB Eric Erickson
|
0-0: Ball 1-0: Foul Ball, location: 2F 1-1: Foul Ball, location: 2F 1-2: Foul Ball, location: 2F 1-2: DOUBLE (Flyball, 8RD, EV 98.1 MPH)
|
|
Batting: RHB Andy Urquhart
|
0-0: Ball 1-0: Ball 2-0: Foul Ball, location: 2F 2-1: Called Strike 2-2: Fly out, F4 (Popup, 34D, EV 75.6 MPH)
|
|
Batting: RHB Pete Deschamps
|
0-0: Ground out U3 (Groundball, 34, EV 110.6 MPH) Eric Erickson to third
|
|
Batting: LHB Robert Wilkins
|
0-0: Swinging Strike 0-1: Called Strike 0-2: Ball 1-2: Fly out, F7 (Line Drive, 7LM, EV 94.4 MPH)
|
| Top of the 6th over - 0 runs, 1 hit, 0 errors, 1 left on base; Lexington 1 - Charleston 4 |
| BOTTOM OF THE 6TH |
|
Charleston RiverDogs batting - Pitching for Lexington Legends : LHP Tyler Abraham
|
|
Batting: RHB Francisco Aguayo
|
0-0: Swinging Strike 0-1: Called Strike 0-2: Foul Ball, location: 2F 0-2: Strikes out swinging
|
|
Pitching: LHP Hyoji Kawabata
|
|
|
Batting: RHB John Sprenkel
|
0-0: Ball 1-0: Swinging Strike 1-1: Fly out, F9 (Line Drive, 9S, EV 86.9 MPH)
|
|
Batting: RHB Graham Murphy
|
0-0: Called Strike 0-1: Swinging Strike 0-2: Ball 1-2: DOUBLE (Flyball, 8LXD, EV 103.1 MPH)
|
|
Batting: RHB Matt Alderson
|
0-0: Ball 1-0: Swinging Strike 1-1: Foul Ball, location: 2F 1-2: Strikes out swinging
|
| Bottom of the 6th over - 0 runs, 1 hit, 0 errors, 1 left on base; Lexington 1 - Charleston 4 |
| TOP OF THE 7TH |
|
Lexington Legends batting - Pitching for Charleston RiverDogs : RHP Travis Stump
|
|
Batting: RHB Ben Garrett
|
0-0: Ball 1-0: Ball 2-0: Called Strike 2-1: Ball 3-1: SINGLE (Line Drive, 8LS, EV 105.0 MPH)
|
|
Batting: LHB David Bearden
|
0-0: Ball 1-0: Foul Ball, location: 2F 1-1: Ball 2-1: Fielders Choice at 2nd, 3-6 (Groundball, 3, EV 85.0 MPH)
|
|
Pitching: RHP Joe Shaw
|
|
|
Batting: RHB Nate De Jongh
|
0-0: SINGLE (Groundball, 6MS, EV 64.4 MPH) (infield hit) David Bearden to second
|
|
Batting: RHB Kunimatsu Oya
|
0-0: Ball 1-0: Ball Wild Pitch! David Bearden to third Nate De Jongh to second 2-0: SINGLE (Groundball, 34D, EV 95.0 MPH) David Bearden scores Nate De Jongh to third
|
|
Batting: SHB Ryoji Hiraoka
|
0-0: Ball 1-0: Ball 2-0: Foul Ball, location: 2F 2-1: Swinging Strike 2-2: Strikes out swinging
|
|
Batting: RHB Eric Erickson
|
0-0: Called Strike 0-1: Ball 1-1: Foul Ball, location: 2F 1-2: Strikes out swinging
|
| Top of the 7th over - 1 run, 3 hits, 0 errors, 2 left on base; Lexington 2 - Charleston 4 |
| BOTTOM OF THE 7TH |
|
Charleston RiverDogs batting - Pitching for Lexington Legends : LHP Hyoji Kawabata
|
|
Pitching: RHP Junsuke Abe
|
|
|
Batting: RHB Bryan Westray
|
0-0: Foul Ball, location: 2F 0-1: Ball 1-1: Swinging Strike 1-2: Strikes out swinging
|
|
Batting: LHB Sean Trueblood
|
0-0: Called Strike 0-1: Ground out 1-3 (Groundball, 13, EV 65.0 MPH)
|
|
Batting: RHB Iften Olujimi
|
0-0: DOUBLE (Flyball, 8LXD, EV 95.6 MPH)
|
|
Batting: LHB Jeremiah Walker
|
0-0: Ground out 6-3 (Groundball, 6M, EV 88.1 MPH)
|
| Bottom of the 7th over - 0 runs, 1 hit, 0 errors, 1 left on base; Lexington 2 - Charleston 4 |
| TOP OF THE 8TH |
|
Lexington Legends batting - Pitching for Charleston RiverDogs : RHP Joe Shaw
|
|
Now at 1B: Sean Trueblood
|
|
|
Now at 3B: Louwe Starmans
|
|
|
Batting: RHB Andy Urquhart
|
0-0: Ball 1-0: Ball 2-0: Ground out 5-3 (Groundball, 56, EV 77.5 MPH)
|
|
Batting: RHB Pete Deschamps
|
0-0: Called Strike 0-1: Ball 1-1: Called Strike 1-2: Foul Ball, location: 2F 1-2: Ball 2-2: Ground out 1-3 (Groundball, 13S, EV 66.9 MPH)
|
|
Batting: LHB Robert Wilkins
|
0-0: Called Strike 0-1: Ball 1-1: Foul Ball, location: 2F 1-2: Foul Ball, location: 2F 1-2: Ground out 6-3 (Groundball, 56, EV 90.0 MPH)
|
| Top of the 8th over - 0 runs, 0 hits, 0 errors, 0 left on base; Lexington 2 - Charleston 4 |
| BOTTOM OF THE 8TH |
|
Charleston RiverDogs batting - Pitching for Lexington Legends : RHP Junsuke Abe
|
|
Batting: RHB Bill Nguyen-Tan
|
0-0: Foul Ball, location: 2F 0-1: Called Strike 0-2: Ball 1-2: Foul Ball, location: 2F 1-2: Ball 2-2: Ball 3-2: Strikes out swinging
|
|
Batting: RHB Francisco Aguayo
|
0-0: Ball 1-0: Swinging Strike 1-1: Foul Ball, location: 2F 1-2: Ball 2-2: Ball 3-2: Base on Balls
|
|
Batting: RHB John Sprenkel
|
0-0: Called Strike 0-1: Ball 1-1: Called Strike 1-2: Foul Ball, location: 2F 1-2: Foul Ball, location: 2F 1-2: TRIPLE (Line Drive, 78XD, EV 103.1 MPH) Francisco Aguayo scores
|
|
Batting: RHB Graham Murphy
|
0-0: Ball 1-0: Ground out 3-1 (Groundball, 13, EV 85.0 MPH) John Sprenkel scores
|
|
Pitching: RHP Franklin Salazar
|
|
|
Batting: RHB Matt Alderson
|
0-0: Called Strike 0-1: Called Strike 0-2: Strikes out swinging
|
| Bottom of the 8th over - 2 runs, 1 hit, 0 errors, 0 left on base; Lexington 2 - Charleston 6 |
| TOP OF THE 9TH |
|
Lexington Legends batting - Pitching for Charleston RiverDogs : RHP Joe Shaw
|
|
Pitching: RHP Khayyat bin Faruq
|
|
|
Batting: RHB Ben Garrett
|
0-0: Called Strike 0-1: Ground out 5-3 (Groundball, 56, EV 86.2 MPH)
|
|
Batting: LHB David Bearden
|
0-0: Ball 1-0: Called Strike 1-1: Foul Ball, location: 2F 1-2: Ball 2-2: Ball 3-2: Base on Balls
|
|
Batting: RHB Nate De Jongh
|
0-0: Ball 1-0: Foul Ball, location: 2F 1-1: Ball 2-1: SINGLE (Line Drive, 56D, EV 109.4 MPH) David Bearden to second
|
|
Batting: RHB Kunimatsu Oya
|
0-0: Called Strike 0-1: Fly out, F9 (Flyball, 89S, EV 76.9 MPH)
|
|
Batting: SHB Ryoji Hiraoka
|
0-0: Ball 1-0: Ball 2-0: Ball 3-0: Base on Balls David Bearden to third Nate De Jongh to second
|
|
Batting: RHB Eric Erickson
|
0-0: Ball 1-0: Ground out 4-3 (Groundball, 4, EV 87.5 MPH)
|
| Top of the 9th over - 0 runs, 1 hit, 0 errors, 3 left on base; Lexington 2 - Charleston 6 |
|